 Dungeon Crawl Stone Soup version 0.32-a0-931-g5a2cda0630 (webtiles) character file.

Game seed: 10767879195054071264

126 Maxmaps the Cudgeller (level 5, -2/54 HPs)
             Began as an Oni Monk on Apr 14, 2024.
             Slain by an orc
             ... wielding a +0 flail
              (5 damage)
             ... on level 3 of the Dungeon.
             The game lasted 00:02:49 (2351 turns).

Maxmaps the Cudgeller (Oni Monk)                    Turns: 2351, Time: 00:02:50

Health: -2/54      AC:  3    Str: 15    XL:     5   Next: 9%
Magic:  5/5        EV:  9    Int: 13    God:
Gold:   152        SH:  0    Dex: 11    Spells: 4/4 levels left

rFire   . . .        a - +0 mace
rCold   . . .        d - orb {light}
rNeg    . . .        b - +0 robe
rPois   .            (helmet restricted)
rElec   .            (no cloak)
rCorr   +            (gloves unavailable)
SInv    .            (boots unavailable)
Will    .....        (no amulet)
Stlth   +            k - ring of resist corrosion
HPRegen 0.29/turn    (no ring)
MPRegen 0.09/turn

%: no passive effects
@: confused, glowing
A: large, unfitting armour, horns 1, tough skin 1, double potion healing,
drunken brawling
a: no special abilities


You were on level 3 of the Dungeon.
You visited 1 branch of the dungeon, and saw 3 of its levels.

You collected 152 gold pieces.

Inventory:

Hand Weapons
 a - a +0 mace (weapon)
Missiles
 n - a throwing net (quivered)
Armour
 b - a +0 robe (worn)
 d - an orb of light (worn)
Jewellery
 k - a ring of resist corrosion (left hand)
 o - a ring of positive energy
Scrolls
 e - 3 scrolls of blinking {unknown}
 f - 5 scrolls of identify {unknown}
 h - a scroll of teleportation {unknown}
 l - a scroll of silence {unknown}
Potions
 c - a potion of ambrosia
 g - a potion of curing {unknown}
 i - a potion of might {unknown}
 j - a potion of attraction {unknown}
 m - a potion of mutation {unknown}
 p - a potion of degeneration {unknown}


   Skills:
 - Level 4.0 Fighting
 + Level 5.6 Maces & Flails
 - Level 2.6 Dodging


You had 4 spell levels left.
You didn't know any spells.
Your spell library contained the following spells:

 Spells                   Type           Power      Damage    Failure   Level
 Haunt                    Necr/Summ      0%         N/A       100%        7
 Borgnjor's Revivificati  Necr           0%         N/A       100%        8
 Death's Door             Necr           0%         N/A       100%        9


Dungeon Overview and Level Annotations

Branches:
Dungeon (3/15)

Altars:
Ru
Uskayaw


Innate Abilities, Weirdness & Mutations

You are too large for most types of armour.
You have a pair of small horns on your head.
You have tough skin. (AC +1)
You gain doubled healing and magic from potions.
Whenever you drink a healing potion, you attack all around you.


Message History

The orc wizard flickers and vanishes for a moment.
The orc sings a few bars from the Orcish anthem.
The orc hits you with a +0 flail.
You closely miss the orc wizard.
You headbutt the orc wizard, but do no damage.
The orc wizard is lightly wounded.
The orc wizard hits you with a +0 dagger.
The orc completely misses you.
You hit the orc wizard. Your headbutt misses the orc wizard.
The orc wizard is moderately wounded.
The orc wizard hits you with a +0 dagger.
The orc hits you with a +0 flail!
You sock the orc wizard!
The orc wizard is severely wounded.
The orc wizard hits you but does no damage.
The orc closely misses you.
You hit the orc wizard but do no damage.
The orc wizard is severely wounded.
The orc wizard points at you and mumbles some strange words.
The puff of flame hits you! The orc hits you with a +0 flail!
A rat comes into view.
The orc hits you with a +0 flail!
* * * LOW HITPOINT WARNING * * *
The orc wizard casts a spell at you.
You are confused.
You bump into the rock wall.
The rat squeaks loudly.
The orc wizard hits you with a +0 dagger.
* * * LOW HITPOINT WARNING * * *
The orc barely misses you.
Unknown command.
You bump into the rock wall.
The orc wizard hits you but does no damage.
The orc hits you with a +0 flail.
* * * LOW HITPOINT WARNING * * *
You bump into the rock wall.
The orc wizard hits you with a +0 dagger.
* * * LOW HITPOINT WARNING * * *
The orc hits you with a +0 flail.
You die...

# .$. .....#####
.....oo@.#
..r..lo#.####
...#..o#....#####
# #...#....'...+
......#...#####
.....
.......#...†##.#
.....
........#.......#
#....
...<....+....##.#
#....
#######....##.#
#....


You could see 2 orc wizards, 2 orcs, a frilled lizard and a rat.

Vanquished Creatures
  Natasha (D:2)
  2 adders
  A dart slug (D:2)
  4 ribbon worms (D:3)
  6 bats
  5 endoplasms
  6 giant cockroaches
  7 goblins
  2 hobgoblins (D:1)
  7 kobolds
  4 quokkas
  10 ball pythons
  14 frilled lizards
  5 rats
74 creatures vanquished.

Notes
Turn   | Place    | Note
-------+----------+-------------------------------------------
     0 | D:1      | Maxmaps the Oni Monk began the quest for the Orb.
     0 | D:1      | Reached XP level 1. HP: 24/24 MP: 1/1
   110 | D:1      | Reached XP level 2. HP: 30/32 MP: 2/2
   495 | D:1      | Reached skill level 4 in Maces & Flails
   621 | D:1      | Reached XP level 3. HP: 36/39 MP: 3/3
  1737 | D:2      | Reached XP level 4. HP: 45/48 MP: 4/4
  1801 | D:2      | Noticed Natasha
  1806 | D:2      | Killed Natasha
  1807 | D:2      | Reached skill level 5 in Maces & Flails
  2017 | D:3      | Found a sacrificial altar of Ru.
  2017 | D:3      | Found a hide-covered altar of Uskayaw.
  2298 | D:3      | Reached XP level 5. HP: 53/54 MP: 5/5
  2351 | D:3      | Slain by an orc

Illustrated notes

Levels and vault maps discovered:
D:1:      giann_horns, layout_basic, serial_forest,
          infiniplex_forest_end_double, infiniplex_forest_lined_room_3,
          infiniplex_forest_clump_tiny, infiniplex_forest_end_1,
          infiniplex_forest_lined_1, reono_crystal_passage, chequers_arboretum,
          minmay_lizard_king
D:2:      layout_loops_ring, nicolae_elevator_lobby_plus,
          uniq_crazy_yiuf_cottage, uniq_natasha
D:3:      layout_basic, nicolae_overflow_two_pavilions, uniq_sigmund

Skill      XL: |  1  2  3  4 |
---------------+-------------+-----
Maces & Flails | 4 5 |  5.6
Fighting       | |  4.0
Dodging        | |  2.6

Action                     |  1- 3 |  4- 6 || total
---------------------------+-------+-------++-------
  Melee: Mace              |   126 |    46 ||   172
         Headbutt          |    15 |    13 ||    28
 Armour: Robe              |   105 |    33 ||   138
  Dodge: Dodged            |    79 |    24 ||   103

Table legend: (Time is in decaauts)
 A = Elapsed time spent in this place.
 B = Non-inter-level travel time spent in this place.
 C = Inter-level travel time spent in this place.
 D = Time resting spent in this place.
 E = Time spent auto-exploring this place.
 F = Levels seen in this place.
 G = Mean time per level.
                   A        B        C        D        E       F      G
               +--------+--------+--------+--------+--------+-----+--------+
         Total |   2379 |   2298 |     81 |      0 |   1885 |   3 |  793.0 |
       Dungeon |   2379 |   2298 |     81 |      0 |   1885 |   3 |  793.0 |
               +--------+--------+--------+--------+--------+-----+--------+

Top non-repeatable levels by time:
     D:1: 1145 daAuts
     D:2: 843 daAuts
     D:3: 390 daAuts
